 Dungeon Crawl Stone Soup version 0.31.0-12-g77e489cdc1 (webtiles) character file.

Game seed: 5116149937153423056

64 112233 the Gusty (level 4, 0/24 HPs)
             Began as a Tengu Air Elementalist on Feb 13, 2024.
             Slain by a quokka (5 damage)
             ... on level 2 of the Dungeon.
             The game lasted 00:01:13 (1615 turns).

112233 the Gusty (Tengu Air Elementalist)           Turns: 1615, Time: 00:01:14

Health: 0/24       AC:  2    Str:  6 (9)  XL:     4   Next: 12%
Magic:  10/10      EV: 12    Int: 15 (17) God:
Gold:   66         SH:  0    Dex: 11 (14) Spells: 7/10 levels left

rFire   . . .        (no weapon)
rCold   . . .        (no shield)
rNeg    . . .        a - +0 robe
rPois   .            f - +0 hat
rElec   .            (no cloak)
rCorr   .            (no gloves)
SInv    .            (boots unavailable)
Will    .....        (no amulet)
Stlth   +            (no ring)
HPRegen 0.24/turn    (no ring)
MPRegen 0.12/turn

%: acrobat
@: confused, brilliant
A: beak, talons 3, acrobatic
a: no special abilities


You were on level 2 of the Dungeon.
You visited 1 branch of the dungeon, and saw 2 of its levels.

You collected 66 gold pieces.

Inventory:

Armour
 a - a +0 robe (worn)
 f - a +0 hat (worn)
Talismans
 g - a flux talisman
Scrolls
 e - a scroll of noise {unknown}
 h - a scroll of identify {unknown}


   Skills:
 - Level 2.1 Dodging
 - Level 2.0 Stealth
 + Level 3.7 Spellcasting
 - Level 1.3 Conjurations
 + Level 4.4 Air Magic


You had 7 spell levels left.
You knew the following spells:

 Your Spells              Type           Power      Damage    Failure   Level
a - Shock                 Conj/Air       68%        1d7       5%          1
b - Static Discharge      Conj/Air       34%        3-5/arc   9%          2

Your spell library contained the following spells:

 Spells                   Type           Power      Damage    Failure   Level
 Swiftness                Air            24%        N/A       9%          3
 Airstrike                Air            12%        2d(2-18)  30%         4


Dungeon Overview and Level Annotations

Branches:
Dungeon (2/15)

Altars:
Gozag

Shops:
D:1 (


Innate Abilities, Weirdness & Mutations

You have a beak for a mouth.
You have claws for feet.
You can magically evade attacks while moving or waiting.


Message History

You are more confused.
The quokka bites you.
You completely miss something. Your kick misses something. Something hits you.
The quokka barely misses you.
You bump into the rock wall.
The quokka bites you.
You hear some strange, mumbled words.
You are more confused.
The orc priest invokes the aid of Beogh against you.
Beogh smites you!
An orc priest comes into view. It is wielding a +0 mace.
The quokka completely misses you.
It was a potion of brilliance.
You feel clever all of a sudden. Something hits you.
The quokka closely misses you.
Unknown command.
It was a potion of degeneration.
There was something very wrong with that liquid.
You feel weakened.
You feel dopey.
You feel clumsy. Something hits you.
* * * LOW HITPOINT WARNING * * *
The quokka barely misses you.
Unknown command.
You are too confused!
Unknown command.
You aren't carrying any potions.
Unknown command.
You bump into the rock wall.
Something hits you.
* * * LOW HITPOINT WARNING * * *
The quokka misses you. The orc priest closely misses you.
Unknown command.
You barely miss something. Your kick misses something.
You hear some strange, mumbled words.
You are more confused.
The quokka misses you.
Unknown command.
You bump into the rock wall.
The quokka closely misses you. Something hits you.
* * * LOW HITPOINT WARNING * * *
The orc priest misses you. The orc priest closely misses you.
The quokka bites you.
You die...

#.#.. .#.# o†. #.#
#####o##### +#
#.........# ...
#.###.###.# .... #
##.###{# .$:..
####.##...##@#......
...........oor......
###.##....#.#......
#.........##...<.
#######.### #....
#.# #... #####.# #+#
#.....# #.#####


You could see 2 orc priests and a quokka.

Vanquished Creatures
  A gnoll (D:1)
  An adder (D:2)
  2 dart slugs
  An orc (D:2)
  A bat (D:2)
  6 endoplasms
  A giant cockroach (D:1)
  3 goblins (D:1)
  5 hobgoblins (D:1)
  A kobold (D:1)
  2 quokkas (D:1)
  4 ball pythons
  2 frilled lizards
  6 rats
36 creatures vanquished.

Notes
Turn   | Place    | Note
-------+----------+-------------------------------------------
     0 | D:1      | 112233 the Tengu Air Elementalist began the quest for the
                  | Orb.
     0 | D:1      | Reached XP level 1. HP: 10/10 MP: 4/4
   258 | D:1      | Reached XP level 2. HP: 15/15 MP: 1/6
   574 | D:1      | Found Yhumeics's Weapon Shop.
   745 | D:1      | Reached XP level 3. HP: 11/19 MP: 5/8
   748 | D:1      | Learned a level 2 spell: Static Discharge
  1427 | D:2      | Found an opulent altar of Gozag.
  1502 | D:2      | Reached XP level 4. HP: 17/24 MP: 1/10
  1615 | D:2      | Slain by a quokka

Illustrated notes

Levels and vault maps discovered:
D:1:      spicycebolla_arrival_clurvy, layout_basic, serial_shops,
          nicolae_shop_bloodbath_and_beyond
D:2:      cheibrodos_fertilizer, layout_loops_corners, basic_altar,
          chequers_garden, uniq_robin

Skill      XL: |  1  2 |
---------------+-------+-----
Spellcasting   | 3 |  3.7
Dodging        | |  2.1
Stealth        | |  2.0
Conjurations   | |  1.3
Air Magic      | |  4.4

Action                     |  1- 3 |  4- 6 || total
---------------------------+-------+-------++-------
  Melee: Unarmed           |    15 |     3 ||    18
         Kick              |     2 |       ||     2
         Peck              |     2 |       ||     2
         Punch             |     1 |       ||     1
   Cast: Shock             |    81 |    10 ||    91
         Static Discharge  |     1 |       ||     1
    Use: Potion            |     1 |     4 ||     5
 Armour: Robe              |    13 |    11 ||    24
  Dodge: Dodged            |    22 |    17 ||    39
